[Event "Titled Tuesday Blitz June 6 Late 2023"]
[White "Rasulov, Vugar"]
[Black "Hnydiuk, Aleksander"]
[WhiteFideId "13402390"]
[BlackFideId "1109057"]
[WhiteElo "2509"]
[BlackElo "2374"]
[Result "1-0"]
[Round "1"]
[TimeControl "180+2"]
[Date "2023.06.07"]
[WhiteClock "0:01:18"]
[BlackClock "0:00:28"]
[Board "24"]

1. e4 e6 2. d4 d5 3. Bd3 dxe4 4. Bxe4 Nf6 5. Bf3 c5 6. Ne2 Nc6 7. Be3 Nd5 8. Nbc3 Nxe3 9. fxe3 Be7 10. O-O O-O 11. Kh1 Bd7 12. d5 Ne5 13. Nf4 Nxf3 14. Qxf3 e5 15. Nd3 Bd6 16. Ne4 Qe7 17. Qg3 f6 18. c4 Kh8 19. b4 b6 20. bxc5 bxc5 21. h3 Rfe8 22. Nxd6 Qxd6 23. e4 Rab8 24. Qe3 Rec8 25. Rab1 Rb6 26. Kh2 h6 27. Rb3 Ra6 28. Rf2 Ra4 29. Rc2 Kh7 30. Rb7 Be8 31. Qg3 Bg6 32. h4 Rc7 33. Rxc7 Qxc7 34. Qe3 Ra5 35. Rb2 Ra3 36. Qxc5 Qxc5 37. Nxc5 Rc3 38. Rb4 a5 39. Ra4 Be8 40. Rxa5 Rxc4 41. a4 Bg6 42. d6 Rd4 43. d7 1-0


[Site "https://www.chess.com"]

[Event "Titled Tuesday Blitz June 6 Late 2023"]
[White "Della Morte, German"]
[Black "Kevlishvili, Robby"]
[WhiteFideId "113522"]
[BlackFideId "1040634"]
[WhiteElo "2306"]
[BlackElo "2572"]
[Result "0-1"]
[Round "1"]
[TimeControl "180+2"]
[Date "2023.06.07"]
[WhiteClock "0:01:49"]
[BlackClock "0:01:35"]
[Board "25"]

1. e4 c6 2. d4 d5 3. exd5 cxd5 4. c3 Nf6 5. Nf3 Nc6 6. Bd3 Bg4 7. Bf4 e6 8. Nbd2 Bd6 9. Bg3 O-O 10. Qb3 Rb8 11. O-O a6 12. Bh4 Bh5 13. Rfe1 Bg6 14. Bxg6 hxg6 15. Ne5 Be7 16. Nd3 b5 17. a3 Nd7 18. Bg3 Rc8 19. Nb4 Qb6 20. Nf3 Na5 21. Qc2 Rfe8 22. Re2 Nc4 23. Rae1 Nf6 24. Nd2 a5 25. Nd3 Nxd2 26. Qxd2 b4 27. axb4 axb4 28. Nxb4 Bxb4 29. cxb4 Ne4 30. Qd1 Qxb4 31. f3 Nxg3 32. hxg3 Rc4 33. Rd2 Rb8 34. g4 Qa5 35. Re3 Rbb4 36. Red3 Qb6 37. b3 Rxd4 38. Rxd4 e5 39. Kh2 Rxd4 40. Rxd4 exd4 41. Qd3 Qc7+ 42. Kg1 Qc3 43. Qb5 d3 44. Qe8+ Kh7 45. Qe7 f6 46. Qd6 Qe1+ 47. Kh2 d2 0-1


[Site "https://www.chess.com"]

[Event "Titled Tuesday Blitz June 6 Late 2023"]
[White "Durarbayli, Vasif"]
[Black "Swicarz, Maciej"]
[WhiteFideId "13402935"]
[BlackFideId "1113585"]
[WhiteElo "2551"]
[BlackElo "2181"]
[Result "1-0"]
[Round "1"]
[TimeControl "180+2"]
[Date "2023.06.07"]
[WhiteClock "0:00:11"]
[BlackClock "0:00:09"]
[Board "26"]

1. e4 c5 2. Nf3 d6 3. d4 cxd4 4. Nxd4 Nf6 5. Nc3 a6 6. Be2 e5 7. Nb3 Be7 8. Be3 O-O 9. g4 Be6 10. g5 Nfd7 11. h4 Kh8 12. Qd2 f5 13. exf5 Bxf5 14. O-O-O Nc6 15. Bd3 Rc8 16. Bxf5 Rxf5 17. Nd5 Bf8 18. Kb1 a5 19. Qd3 e4 20. Qxe4 Re5 21. Qf3 a4 22. Nc1 Re8 23. a3 Nde5 24. Qf5 Nc4 25. Nd3 N6e5 26. h5 Nxd3 27. Qxd3 Nxe3 28. h6 Qxg5 29. hxg7+ Qxg7 30. Nxe3 d5 31. Rh5 d4 32. Nf5 Qf7 33. Rdh1 Rc7 34. Qxd4+ Kg8 35. Rg1+ Bg7 36. Rxg7+ 1-0


[Site "https://www.chess.com"]

[Event "Titled Tuesday Blitz June 6 Late 2023"]
[White "Camilla_Lee"]
[Black "Ibarra Jerez, Jose Carlos"]
[BlackFideId "2226332"]
[WhiteElo "2493"]
[BlackElo "2631"]
[Result "0-1"]
[Round "1"]
[TimeControl "180+2"]
[Date "2023.06.07"]
[WhiteClock "0:01:16"]
[BlackClock "0:01:48"]
[Board "27"]

1. e4 c5 2. Nf3 e6 3. d4 cxd4 4. Nxd4 Bc5 5. Nb3 Bb6 6. Bd3 Ne7 7. O-O O-O 8. Qe2 f5 9. Be3 f4 10. Bxb6 Qxb6 11. N1d2 Nbc6 12. Nc4 Qd8 13. e5 f3 14. gxf3 Nf5 15. Qe4 g6 16. Rad1 b6 17. Qg4 b5 18. Ne3 Nxe5 19. Qe4 Nh4 20. Kh1 Nhxf3 21. Rg1 d5 22. Qg4 Nxg4 0-1


[Site "https://www.chess.com"]

[Event "Titled Tuesday Blitz June 6 Late 2023"]
[White "Xiong, Jeffery"]
[Black "Bruedigam, Martin"]
[WhiteFideId "2047640"]
[BlackFideId "24608033"]
[WhiteElo "2726"]
[BlackElo "2331"]
[Result "1-0"]
[Round "1"]
[TimeControl "180+2"]
[Date "2023.06.07"]
[WhiteClock "0:01:51"]
[BlackClock "0:01:47"]
[Board "28"]

1. e4 c6 2. Nf3 d5 3. d3 dxe4 4. dxe4 Qxd1+ 5. Kxd1 Nd7 6. Nfd2 g5 7. Nc4 f6 8. a4 h5 9. h4 g4 10. Nc3 Bh6 11. Be3 Bxe3 12. Nxe3 Ne5 13. Ke2 Nh6 14. f4 gxf3+ 15. gxf3 Ng6 16. Kf2 Be6 17. Ne2 f5 18. Nd4 Bd7 19. exf5 Nf4 20. Rg1 Nd5 21. Nxd5 cxd5 22. Bd3 Kf7 23. Rae1 Rhg8 24. Rg5 Bxa4 25. Rxh5 Rh8 26. Re6 1-0


[Site "https://www.chess.com"]

[Event "Titled Tuesday Blitz June 6 Late 2023"]
[White "Baches Garcia, Guillermo"]
[Black "Babazada, Khazar"]
[WhiteFideId "2209764"]
[BlackFideId "13413554"]
[WhiteElo "2492"]
[BlackElo "2369"]
[Result "0-1"]
[Round "1"]
[TimeControl "180+2"]
[Date "2023.06.07"]
[WhiteClock "0:00:06"]
[BlackClock "0:00:15"]
[Board "29"]

1. e4 e5 2. Nf3 Nc6 3. Nc3 Nf6 4. d4 exd4 5. Nxd4 Bb4 6. Nxc6 bxc6 7. Bd3 d5 8. Bd2 O-O 9. O-O Bd6 10. f4 Bc5+ 11. Kh1 Ng4 12. Qf3 Qh4 13. h3 Nf2+ 14. Kh2 Rb8 15. Na4 Bd4 16. exd5 cxd5 17. c3 Ng4+ 18. Kh1 Nf2+ 19. Kh2 Bg4 20. Qg3 Qxg3+ 21. Kxg3 Nxd3 22. hxg4 Bf6 23. b3 Rfe8 24. g5 Re6 25. gxf6 Rxf6 26. Rad1 c5 27. Be3 c4 28. Nc5 Re8 29. Bd4 Rg6+ 30. Kh2 Re2 31. Rg1 Nxf4 32. bxc4 Nxg2 33. Kh3 Nf4+ 34. Kh4 Rh2# 0-1


[Site "https://www.chess.com"]

[Event "Titled Tuesday Blitz June 6 Late 2023"]
[White "Zhigalko, Sergei"]
[Black "Mieles Palau, Daniel"]
[WhiteFideId "13502956"]
[BlackFideId "3600467"]
[WhiteElo "2626"]
[BlackElo "2344"]
[Result "0-1"]
[Round "1"]
[TimeControl "180+2"]
[Date "2023.06.07"]
[WhiteClock "0:00:01"]
[BlackClock "0:00:35"]
[Board "30"]

1. e4 c5 2. Nf3 Nc6 3. c3 Nf6 4. e5 Nd5 5. Bc4 Nb6 6. Bb3 d5 7. exd6 Qxd6 8. O-O Be6 9. Bxe6 Qxe6 10. a4 Qd7 11. a5 Nd5 12. d4 e6 13. a6 b6 14. Ne5 Nxe5 15. dxe5 Be7 16. Qg4 g6 17. Rd1 h5 18. Qf3 Qc6 19. Na3 O-O-O 20. Bd2 Rhf8 21. c4 Nb4 22. Bxb4 Qxf3 23. gxf3 cxb4 24. Nb5 Kb8 25. Kg2 Rxd1 26. Rxd1 Rd8 27. Rxd8+ Bxd8 28. f4 Be7 29. b3 Bc5 30. Kf3 Be7 31. Ke4 Bc5 32. f3 Be7 33. Nd6 Bxd6 34. exd6 f6 35. c5 bxc5 36. Kd3 Kc8 37. Kc4 Kd7 38. Kxc5 g5 39. fxg5 fxg5 40. Kxb4 Kxd6 41. Kc4 Kc6 42. b4 Kb6 43. b5 g4 44. fxg4 hxg4 45. Kb4 e5 46. Kc4 e4 47. Kd4 Kxb5 48. Kxe4 Kxa6 49. Kf4 Kb6 50. Kxg4 a5 0-1


[Site "https://www.chess.com"]

[Event "Titled Tuesday Blitz June 6 Late 2023"]
[White "Urbina Perez, Juan Antonio"]
[Black "Zakhartsov, Vladimir"]
[WhiteFideId "2217368"]
[BlackFideId "4145097"]
[WhiteElo "2197"]
[BlackElo "2508"]
[Result "0-1"]
[Round "1"]
[TimeControl "180+2"]
[Date "2023.06.07"]
[WhiteClock "0:01:03"]
[BlackClock "0:00:55"]
[Board "31"]

1. e4 c5 2. Nf3 d6 3. Bb5+ Bd7 4. Bxd7+ Nxd7 5. O-O e6 6. c3 Ngf6 7. Qe2 Be7 8. d4 O-O 9. Rd1 cxd4 10. cxd4 d5 11. e5 Ne4 12. Nbd2 Nxd2 13. Bxd2 Rc8 14. Bc3 a6 15. Rac1 b5 16. a3 Qb6 17. h4 h6 18. Rd3 a5 19. Rcd1 b4 20. axb4 axb4 21. Bd2 Rc2 22. g4 Rxb2 23. g5 h5 24. Ne1 g6 25. Ng2 Rc8 26. Nf4 Qb5 27. Qf3 b3 28. Be1 Nf8 29. Nxh5 gxh5 30. Qxh5 Ng6 31. Qg4 Rb1 32. h5 Rxd1 33. Rxd1 b2 34. hxg6 b1=Q 35. gxf7+ Kxf7 36. Bd2 Qf5 37. Qh5+ Qg6 38. Qf3+ Kg8 39. Qh3 Qbd3 0-1


[Site "https://www.chess.com"]

[Event "Titled Tuesday Blitz June 6 Late 2023"]
[White "Terry, Renato"]
[Black "Ljukin, Sergei"]
[WhiteFideId "3803457"]
[BlackFideId "14102200"]
[WhiteElo "2575"]
[BlackElo "2312"]
[Result "1-0"]
[Round "1"]
[TimeControl "180+2"]
[Date "2023.06.07"]
[WhiteClock "0:01:51"]
[BlackClock "0:01:14"]
[Board "32"]

1. e4 e6 2. d4 d5 3. exd5 exd5 4. Nf3 Nf6 5. Bd3 c5 6. dxc5 Bxc5 7. O-O O-O 8. Nbd2 Nc6 9. h3 Re8 10. Nb3 Bb6 11. c3 Ne4 12. Nfd4 Bd7 13. Be3 Qh4 14. Nf3 Qf6 15. Bxb6 axb6 16. Nbd4 Rad8 17. Qc2 Bxh3 18. gxh3 Nxd4 19. Nxd4 Re5 20. f4 Rh5 21. Qg2 Rh6 22. Bxe4 dxe4 23. Kh2 e3 24. Rae1 Re8 25. Qf3 Qe7 26. Nf5 1-0


[Site "https://www.chess.com"]

[Event "Titled Tuesday Blitz June 6 Late 2023"]
[White "Arencibia Monduy, Antonio"]
[Black "Grigoriants, Sergey"]
[WhiteFideId "3507939"]
[BlackFideId "4130804"]
[WhiteElo "2489"]
[BlackElo "2502"]
[Result "1/2-1/2"]
[Round "1"]
[TimeControl "180+2"]
[Date "2023.06.07"]
[WhiteClock "0:00:04"]
[BlackClock "0:00:04"]
[Board "33"]

1. e4 c5 2. Nf3 Nc6 3. c3 e6 4. d4 d5 5. exd5 Qxd5 6. Be2 Nf6 7. O-O cxd4 8. cxd4 Be7 9. Nc3 Qd6 10. Nb5 Qd8 11. Bf4 Nd5 12. Bg3 O-O 13. Bd3 Bd7 14. Rc1 Ncb4 15. a3 Nxd3 16. Qxd3 Bxb5 17. Qxb5 Qb6 18. Qxb6 axb6 19. Rc2 Rfc8 20. Rfc1 Rxc2 21. Rxc2 Kf8 22. Kf1 Ke8 23. Ke2 f6 24. Kd3 Kd7 25. Nd2 b5 26. Ke2 b4 27. axb4 Bxb4 28. Ne4 Ra2 29. Kd3 f5 30. Nc3 Bxc3 31. bxc3 Rxc2 32. Kxc2 b5 33. Be5 g6 34. Kb3 Kc6 35. c4 bxc4+ 36. Kxc4 Nb6+ 37. Kd3 Kd5 38. h4 Nc4 39. Bf4 Na3 40. Be5 Nb5 41. Bf6 Na7 42. f3 Nc6 43. Bg7 h5 44. Bf6 Nb8 45. Ke3 Nc6 46. Kd3 f4 47. Bg7 Ne7 48. Bf6 Nf5 49. Bg5 Nxd4 50. Bxf4 Nf5 51. Bg5 e5 52. g4 Nd4 53. gxh5 gxh5 54. Ke3 Nf5+ 55. Ke2 Kd4 56. Bd8 Ng3+ 57. Kf2 Nf5 58. Bb6+ Kd5 59. Bd8 Nd4 60. Bg5 Ne6 61. Bf6 Kd4 62. Ke2 Nf4+ 63. Kf2 Nd5 64. Bg5 Nc3 65. Bf6 Kd5 66. Bg5 Nb5 67. Ke3 Nd4 68. f4 Nf5+ 69. Kf3 e4+ 70. Ke2 Kd4 71. Bf6+ Kc4 72. Bg5 Kd5 73. Bf6 Ng3+ 74. Ke3 Nf5+ 75. Ke2 Ke6 76. Bg5 Kd6 77. Bf6 Kd5 78. Bg5 Kc4 79. Bf6 Kc5 80. Bg5 Kd5 81. Bf6 1/2-1/2


[Site "https://www.chess.com"]

[Event "Titled Tuesday Blitz June 6 Late 2023"]
[White "Licznerski, Lukasz"]
[Black "Ismayil, Malak"]
[WhiteFideId "1179250"]
[BlackFideId "13412604"]
[WhiteElo "2453"]
[BlackElo "1868"]
[Result "1-0"]
[Round "1"]
[TimeControl "180+2"]
[Date "2023.06.07"]
[WhiteClock "0:00:03"]
[BlackClock "0:00:02"]
[Board "34"]

1. e4 e5 2. Nf3 Nc6 3. Bb5 a6 4. Bxc6 dxc6 5. O-O Bd6 6. d4 Qe7 7. dxe5 Bxe5 8. Nxe5 Qxe5 9. Nc3 Nf6 10. Qf3 Bg4 11. Bf4 Bxf3 12. Bxe5 Bh5 13. Bxf6 gxf6 14. f3 O-O-O 15. g4 Bg6 16. Rad1 h5 17. h3 hxg4 18. hxg4 Rdg8 19. Kf2 Rh2+ 20. Ke3 Rxc2 21. Rf2 Rxf2 22. Kxf2 Rh8 23. Kg3 Re8 24. Rd2 Re6 25. Re2 b5 26. b4 a5 27. bxa5 b4 28. Na4 Re5 29. Rc2 Rxa5 30. Nc5 Ra3 31. Kf4 Kb8 32. Nb3 Kb7 33. Ke3 Kb6 34. Kd4 Ra8 35. f4 Rd8+ 36. Ke3 f5 37. exf5 Bh7 38. Nd2 c5 39. Ne4 Re8 40. Kf3 Rd8 41. Nxc5 f6 42. Ne4 Rf8 43. Rc4 Bg8 44. Rxb4+ Ka5 45. Rd4 Bxa2 46. Rd7 Kb6 47. Rh7 Bb1 48. Rh6 Bxe4+ 49. Kxe4 c5 50. g5 Kb5 51. Rxf6 Re8+ 52. Re6 Rd8 53. f6 c4 54. f7 Rf8 55. g6 c3 56. Re8 c2 57. Rxf8 c1=Q 58. Rb8+ Ka6 59. f8=Q Qc4+ 60. Ke5 Qc5+ 61. Kf6 Qc6+ 62. Kg7 Qc7+ 63. Kh6 1-0


[Site "https://www.chess.com"]

[Event "Titled Tuesday Blitz June 6 Late 2023"]
[White "Pasti, Aron"]
[Black "Hansen, Eric"]
[WhiteFideId "785857"]
[BlackFideId "2606771"]
[WhiteElo "2173"]
[BlackElo "2561"]
[Result "0-1"]
[Round "1"]
[TimeControl "180+2"]
[Date "2023.06.07"]
[WhiteClock "0:00:56"]
[BlackClock "0:01:17"]
[Board "35"]

1. e4 c5 2. Nf3 Nc6 3. d4 cxd4 4. Nxd4 Nf6 5. Nc3 d6 6. Bg5 Bd7 7. Qd2 a6 8. O-O-O e6 9. f4 h6 10. Bh4 Rc8 11. Nxc6 Bxc6 12. Qe1 Be7 13. e5 Nd5 14. Bxe7 Qxe7 15. Ne4 dxe5 16. fxe5 O-O 17. Kb1 Ba4 18. Bd3 Bb5 19. Nd6 Bxd3 20. Nxc8 Bxc2+ 21. Kxc2 Rxc8+ 22. Kb1 Qg5 23. Qe4 g6 24. Rc1 Rd8 25. Rhd1 Kg7 26. Rc7 Nxc7 0-1


[Site "https://www.chess.com"]

[Event "Titled Tuesday Blitz June 6 Late 2023"]
[White "Li, Ruifeng"]
[Black "ArchibaldCerveza29"]
[WhiteFideId "2061074"]
[WhiteElo "2441"]
[BlackElo "2484"]
[Result "1-0"]
[Round "1"]
[TimeControl "180+2"]
[Date "2023.06.07"]
[WhiteClock "0:00:23"]
[BlackClock "0:00:07"]
[Board "36"]

1. b3 e5 2. Bb2 Nc6 3. Nf3 e4 4. Nd4 Nf6 5. e3 d5 6. Nxc6 bxc6 7. d3 Bd6 8. Nd2 Qe7 9. dxe4 Nxe4 10. Nxe4 Qxe4 11. Qd3 Bf5 12. Qxe4+ Bxe4 13. O-O-O O-O 14. Bd3 Rfe8 15. h3 f6 16. Bxe4 Rxe4 17. Rd4 Rae8 18. Rhd1 Kf7 19. c4 dxc4 20. Rxc4 Rxc4+ 21. bxc4 c5 22. Kc2 Rb8 23. Bc3 Ke6 24. Rb1 Rb6 25. Rb3 Ra6 26. Kb2 Rb6 27. Kc2 Ra6 28. a3 Rb6 29. Ba5 Ra6 30. Bd2 Rb6 31. a4 Ke5 32. a5 Rxb3 33. Kxb3 Ke4 34. Kc2 h5 35. f3+ Ke5 36. a6 c6 37. Ba5 Bb8 38. Kd3 g6 39. g4 hxg4 40. hxg4 Ke6 41. e4 Ke5 42. Bc3+ Ke6 43. Ke3 g5 44. Ke2 Bf4 45. Bd2 Be5 46. Be3 Bd4 47. Kd3 Ke5 48. Bd2 Ke6 49. f4 Bf2 50. fxg5 fxg5 51. Bxg5 Bg3 52. Be3 Bd6 53. Ke2 Ke5 54. Kf3 Be7 55. g5 Bf8 56. g6 Bg7 57. Bf4+ Kd4 58. Bb8 Kxc4 59. Kf4 Kb5 60. Be5 Bh6+ 61. Kf5 c4 62. g7 Bxg7 63. Bxg7 Kb4 64. e5 c3 65. e6 c2 66. Bh6 Kc3 67. e7 Kb2 68. e8=Q c5 69. Qb5+ Ka2 70. Qxc5 Kb2 71. Qb4+ Ka2 72. Qc4+ Kb2 73. Bg7+ Kb1 74. Qb3+ Kc1 75. Bh6+ Kd1 76. Qd3+ Ke1 77. Qxc2 Kf1 78. Be3 Ke1 79. Qd2+ Kf1 80. Qf2# 1-0


[Site "https://www.chess.com"]

[Event "Titled Tuesday Blitz June 6 Late 2023"]
[White "Hristodoulou, Panagiotis"]
[Black "Elsa167"]
[WhiteFideId "4214340"]
[WhiteElo "2272"]
[BlackElo "2884"]
[Result "0-1"]
[Round "1"]
[TimeControl "180+2"]
[Date "2023.06.07"]
[WhiteClock "0:00:04"]
[BlackClock "0:00:04"]
[Board "37"]

1. e4 e6 2. d4 d5 3. Nc3 Bb4 4. Ne2 dxe4 5. a3 Bxc3+ 6. Nxc3 Nc6 7. Bb5 Ne7 8. Bg5 f6 9. Be3 O-O 10. Qd2 f5 11. O-O-O a6 12. Bxc6 Nxc6 13. f3 e5 14. d5 Na5 15. fxe4 Nc4 16. Qe2 Nxe3 17. Qxe3 f4 18. Qf2 Qd6 19. Kb1 Bd7 20. Ne2 b5 21. Nc1 b4 22. axb4 a5 23. Qc5 axb4 24. Qxd6 cxd6 25. Nd3 Rfb8 26. b3 g5 27. Kb2 Be8 28. Ra1 Bg6 29. Rxa8 Rxa8 30. Re1 Rb8 31. Nf2 h5 32. h3 Ra8 33. Nd3 Rb8 34. Nf2 Kf7 35. Ra1 Rb6 36. Ra7+ Kf6 37. Kc1 Be8 38. Kd1 Bb5 39. Ke1 Rb8 40. Rc7 Ra8 41. Rb7 Ra1+ 42. Kd2 Bf1 43. Rxb4 Bxg2 44. Rb6 Ke7 45. Rb7+ Kd8 46. Rg7 Rf1 47. Nd3 g4 48. hxg4 h4 49. Rh7 h3 50. g5 Ke8 51. g6 Kf8 52. c4 f3 53. c5 dxc5 54. d6 f2 55. Ke2 Rd1 56. Nxf2 Rxd6 57. g7+ Kg8 58. Rh5 Rb6 59. Nxh3 Rxb3 60. Ng5 Kxg7 61. Rh2 Rb2+ 62. Ke3 c4 63. Ne6+ Kf6 64. Nc5 c3 65. Kd3 Bf1+ 66. Kxc3 Rxh2 0-1


[Site "https://www.chess.com"]

[Event "Titled Tuesday Blitz June 6 Late 2023"]
[White "Svane, Frederik"]
[Black "Estrada Nieto, Julian"]
[WhiteFideId "12923044"]
[BlackFideId "5101018"]
[WhiteElo "2502"]
[BlackElo "2161"]
[Result "1-0"]
[Round "1"]
[TimeControl "180+2"]
[Date "2023.06.07"]
[WhiteClock "0:00:03"]
[BlackClock "0:00:11"]
[Board "38"]

1. e4 e5 2. Nf3 Nc6 3. Bb5 a6 4. Ba4 Nf6 5. O-O Be7 6. d3 b5 7. Bb3 d6 8. a3 O-O 9. Nc3 Na5 10. Ba2 c5 11. b4 cxb4 12. axb4 Nc6 13. Nd5 Be6 14. Nxf6+ Bxf6 15. Bxe6 fxe6 16. c3 d5 17. Qb3 Qd6 18. Ra2 Rfb8 19. Bd2 a5 20. bxa5 Rxa5 21. Rxa5 Nxa5 22. Qa2 dxe4 23. Ng5 Bxg5 24. Bxg5 Nb7 25. dxe4 Nc5 26. f3 Qc6 27. h3 Na4 28. Bd2 Rd8 29. Kh2 Qc4 30. Qc2 Qxf1 31. Bg5 Rd1 32. Qb3 Qc4 33. Qxd1 h6 34. Qd8+ Kh7 35. Be7 Qxc3 36. Bd6 Qd2 37. Qc7 Qf4+ 38. Kh1 Qc1+ 39. Qxc1 1-0


[Site "https://www.chess.com"]

[Event "Titled Tuesday Blitz June 6 Late 2023"]
[White "Nikologorsky, Matfei"]
[Black "Moroni, Luca Jr"]
[WhiteFideId "24102474"]
[BlackFideId "865834"]
[WhiteElo "2153"]
[BlackElo "2569"]
[Result "0-1"]
[Round "1"]
[TimeControl "180+2"]
[Date "2023.06.07"]
[WhiteClock "0:00:09"]
[BlackClock "0:01:29"]
[Board "39"]

1. e4 e6 2. d4 d5 3. Nd2 c5 4. Ngf3 cxd4 5. Nxd4 Nc6 6. Bb5 Bd7 7. Nxc6 bxc6 8. Bd3 Bd6 9. Qe2 Ne7 10. e5 Bc7 11. O-O Ng6 12. f4 c5 13. c3 Bb6 14. Kh1 Qc7 15. Nf3 Bc6 16. f5 exf5 17. Bxf5 O-O 18. Bg5 Rae8 19. Rae1 d4 20. cxd4 cxd4 21. e6 fxe6 22. Bxe6+ Kh8 23. Qc4 Bxf3 24. Qxc7 Bxg2+ 25. Kxg2 Bxc7 26. Rxf8+ Nxf8 27. Rc1 Nxe6 28. Bd2 Bf4 0-1


[Site "https://www.chess.com"]

[Event "Titled Tuesday Blitz June 6 Late 2023"]
[White "Keymer, Vincent"]
[Black "Karas, Marek"]
[WhiteFideId "12940690"]
[BlackFideId "14928558"]
[WhiteElo "2669"]
[BlackElo "2229"]
[Result "1-0"]
[Round "1"]
[TimeControl "180+2"]
[Date "2023.06.07"]
[WhiteClock "0:00:30"]
[BlackClock "0:00:03"]
[Board "40"]

1. a3 d5 2. Nf3 Nf6 3. e3 Bg4 4. c4 Bxf3 5. Qxf3 e6 6. Nc3 c6 7. d4 Nbd7 8. Bd3 Bd6 9. Bd2 O-O 10. cxd5 cxd5 11. O-O a6 12. Rac1 Rc8 13. Qh3 g6 14. Rc2 Qe7 15. Rfc1 Rc6 16. Qf3 Rfc8 17. h3 Nb6 18. Be1 Nc4 19. e4 dxe4 20. Nxe4 Nxe4 21. Bxe4 R6c7 22. Qe2 b5 23. a4 Bb4 24. axb5 axb5 25. b3 Bxe1 26. bxc4 Ba5 27. c5 Rb8 28. Ra1 Bb4 29. Rb1 Ba3 30. Ra2 Ra7 31. Rxb5 Rxb5 32. Qxb5 Kg7 33. Rc2 Qc7 34. g3 Ra5 35. Qb3 Ra7 36. Qc3 Kg8 37. Ra2 Bxc5 38. Rxa7 1-0


[Site "https://www.chess.com"]

[Event "Titled Tuesday Blitz June 6 Late 2023"]
[White "Eggink, Ryszard"]
[Black "Rustemov, Alexander"]
[WhiteFideId "1125869"]
[BlackFideId "4119002"]
[WhiteElo "2283"]
[BlackElo "2861"]
[Result "1-0"]
[Round "1"]
[TimeControl "180+2"]
[Date "2023.06.07"]
[WhiteClock "0:00:41"]
[BlackClock "0:00:02"]
[Board "41"]

1. d4 d5 2. c4 c6 3. Nf3 Nf6 4. Nc3 a6 5. e3 b5 6. cxd5 cxd5 7. Bd3 Bb7 8. O-O e6 9. Ne5 Be7 10. f4 O-O 11. Qf3 Nbd7 12. a3 Nb6 13. Bd2 Rc8 14. Rae1 Rc7 15. g4 Nc4 16. Bc1 Nxa3 17. g5 Nd7 18. Bxh7+ Kxh7 19. Qh5+ Kg8 20. Rf3 f5 21. Nxd7 Re8 22. g6 Qxd7 23. Qh7+ Kf8 24. Qh8# 1-0


[Site "https://www.chess.com"]

[Event "Titled Tuesday Blitz June 6 Late 2023"]
[White "Baskakov, Egor"]
[Black "Papayan, Oleg"]
[WhiteFideId "24197866"]
[BlackFideId "4193911"]
[WhiteElo "2225"]
[BlackElo "2167"]
[Result "1-0"]
[Round "1"]
[TimeControl "180+2"]
[Date "2023.06.07"]
[WhiteClock "0:00:29"]
[BlackClock "0:00:01"]
[Board "42"]

1. e4 e5 2. Nc3 Nf6 3. g3 d5 4. exd5 Nxd5 5. Bg2 Nxc3 6. bxc3 Bd6 7. d3 O-O 8. Ne2 Nc6 9. Rb1 h5 10. h3 a5 11. O-O h4 12. g4 Ra6 13. Be3 f5 14. gxf5 Rxf5 15. f4 exf4 16. Nxf4 Qe8 17. Bd2 Qf7 18. Nd5 Rxf1+ 19. Qxf1 Be6 20. Qxf7+ Bxf7 21. Rxb7 Ra7 22. Rxa7 Nxa7 23. c4 Bc5+ 24. Kf1 Nc6 25. Nxc7 Nd4 26. Bxa5 Nxc2 27. Bd2 Nb4 28. a4 Nxd3 29. Bd5 Nb2 30. a5 Nxc4 31. Bxf7+ Kxf7 32. Bc3 g5 33. a6 Ke7 34. Bb4 Bxb4 35. a7 Nb6 36. Nd5+ Kd6 37. Nxb6 1-0


[Site "https://www.chess.com"]

[Event "Titled Tuesday Blitz June 6 Late 2023"]
[White "Rengifo Blancas, Renzo Jhonathan"]
[Black "Visakh N R"]
[WhiteFideId "3807185"]
[BlackFideId "25012223"]
[WhiteElo "2085"]
[BlackElo "2466"]
[Result "0-1"]
[Round "1"]
[TimeControl "180+2"]
[Date "2023.06.07"]
[WhiteClock "0:00:06"]
[BlackClock "0:01:11"]
[Board "43"]

1. e4 c5 2. c3 d5 3. exd5 Nf6 4. d4 cxd4 5. cxd4 g6 6. Nc3 Bg7 7. Nf3 O-O 8. Bc4 Nbd7 9. Bb3 Nb6 10. O-O Nfxd5 11. h3 Be6 12. Be3 Rc8 13. Qe2 Nxc3 14. bxc3 Bc4 15. Bxc4 Nxc4 16. Rab1 Qd5 17. a4 Rfe8 18. Rb5 Qe4 19. Ng5 Qc6 20. Rc5 Qxa4 21. Rxc8 Rxc8 22. Qf3 Nd6 23. Bf4 Qc6 24. Bxd6 Qxf3 25. Nxf3 exd6 26. Rb1 b6 27. Ra1 Rc7 28. Kf1 f6 29. Ke2 d5 30. Kd3 Kf7 31. Ne1 Ke6 32. Nc2 Kd6 33. Ne3 Bh6 34. Ng4 Bg5 35. g3 f5 36. Ne5 Bf6 37. f4 Bxe5 38. fxe5+ Ke6 39. Ra6 g5 40. Kd2 f4 41. g4 f3 42. Ra1 a5 43. Rf1 Rf7 44. Ke3 f2 45. Ke2 a4 0-1


[Site "https://www.chess.com"]

[Event "Titled Tuesday Blitz June 6 Late 2023"]
[White "Kovalev, Vladislav"]
[Black "The_Sherman_Variation"]
[WhiteFideId "13504398"]
[WhiteElo "2555"]
[BlackElo "2475"]
[Result "1-0"]
[Round "1"]
[TimeControl "180+2"]
[Date "2023.06.07"]
[WhiteClock "0:00:37"]
[BlackClock "0:00:25"]
[Board "44"]

1. e4 d6 2. d4 g6 3. Be3 Bg7 4. Qd2 Nf6 5. Nc3 a6 6. f3 b5 7. Bh6 O-O 8. O-O-O Nbd7 9. h4 c5 10. Bxg7 Kxg7 11. e5 Ng8 12. exd6 c4 13. dxe7 Qxe7 14. h5 Bb7 15. Re1 Qf6 16. Ne4 Bxe4 17. fxe4 Nb6 18. Nf3 Rfc8 19. e5 Qc6 20. hxg6 fxg6 21. Qg5 b4 22. e6 b3 23. Qe5+ Nf6 24. axb3 cxb3 25. Bd3 Na4 26. c4 Nb6 27. Rxh7+ Kxh7 28. Qxf6 1-0


[Site "https://www.chess.com"]

[Event "Titled Tuesday Blitz June 6 Late 2023"]
[White "Barria Santos, Jose Guilherme"]
[Black "Bryakin, Mikhail"]
[WhiteFideId "1939300"]
[BlackFideId "4165314"]
[WhiteElo "2266"]
[BlackElo "2464"]
[Result "0-1"]
[Round "1"]
[TimeControl "180+2"]
[Date "2023.06.07"]
[WhiteClock "0:00:05"]
[BlackClock "0:00:14"]
[Board "45"]

1. e4 Nc6 2. Nc3 d6 3. Nf3 e5 4. d4 Nf6 5. dxe5 Nxe5 6. Nxe5 dxe5 7. Qxd8+ Kxd8 8. Bg5 c6 9. Be2 Bc5 10. f4 h6 11. fxe5 hxg5 12. exf6 gxf6 13. O-O-O+ Ke7 14. h3 Be6 15. Bd3 Rad8 16. Kb1 Bd4 17. Ne2 Be5 18. Rhf1 a5 19. a4 Rh4 20. Ng1 g4 21. hxg4 Rxg4 22. Rf2 Rxe4 23. Nf3 Rxa4 24. Re2 Bg3 25. Rh1 Rb4 26. Rh7 a4 27. Ka1 Bf4 28. Rh4 Bd6 29. Rxb4 Bxb4 30. Nh4 Rd5 31. Nf5+ Kd7 32. Ng7 Rg5 33. Nxe6 fxe6 34. Bc4 e5 35. Ka2 b5 36. Bd3 Bd6 37. b3 a3 38. c3 Rg3 39. Bf5+ Kc7 40. Rc2 b4 41. cxb4 Bxb4 42. Be4 c5 43. Rf2 Re3 44. Bd5 Kd6 45. Bc4 Ke7 46. Rc2 f5 47. Rf2 Kf6 48. Rf1 Kg5 49. Be6 f4 50. Bc4 e4 51. Rh1 Rg3 52. Rh2 Rc3 53. Kb1 Re3 54. Rh8 Re1+ 55. Kc2 a2 56. Rg8+ 0-1


[Site "https://www.chess.com"]

[Event "Titled Tuesday Blitz June 6 Late 2023"]
[White "Beerdsen, Thomas"]
[Black "Srdanovic, Jovana"]
[WhiteFideId "1030108"]
[BlackFideId "954810"]
[WhiteElo "2553"]
[BlackElo "2155"]
[Result "1-0"]
[Round "1"]
[TimeControl "180+2"]
[Date "2023.06.07"]
[WhiteClock "0:02:51"]
[BlackClock "0:01:47"]
[Board "46"]

1. e4 e5 2. Nf3 Nc6 3. d4 exd4 4. Bc4 Nf6 5. O-O Nxe4 6. Nc3 dxc3 7. Bxf7+ Kxf7 8. Qd5+ Kf6 9. Re1 Be7 10. Rxe4 h6 11. Rf4+ Kg6 12. Qf5# 1-0


[Site "https://www.chess.com"]